| TOP OF THE 1ST |
|
New York Yankees batting - Pitching for Chicago White Sox : RHP Xenophon Valvis
|
|
Pitching: RHP Xenophon Valvis
|
|
|
Batting: RHB Jeckel Hester
|
0-0: Foul Ball, location: 2F 0-1: Called Strike 0-2: Ball 1-2: Ball 2-2: Foul Ball, location: 2F 2-2: Ground out 5-3 (Groundball, 56S, EV 89.4 MPH)
|
|
Batting: RHB Shiro Suehiro
|
0-0: Called Strike 0-1: Ball 1-1: Fly out, F7 (Flyball, 78D, EV 102.5 MPH)
|
|
Batting: SHB Bartholomeu Chambino
|
0-0: Called Strike 0-1: Swinging Strike 0-2: Foul Ball, location: 2F 0-2: Ball 1-2: Ground out 4-3 (Groundball, 13, EV 85.0 MPH)
|
| Top of the 1st over - 0 runs, 0 hits, 0 errors, 0 left on base; New York 0 - Chicago 0 |
| BOTTOM OF THE 1ST |
|
Chicago White Sox batting - Pitching for New York Yankees : LHP Zach Purvis
|
|
Pitching: LHP Zach Purvis
|
|
|
Batting: SHB Alfie Bungledorf
|
0-0: Ball 1-0: SINGLE (Groundball, 23, EV 70.0 MPH) (infield hit)
|
|
Batting: RHB Dieter Knoops
|
0-0: Foul Ball, location: 2F 0-1: SINGLE (Groundball, 4M, EV 103.8 MPH) (infield hit) Alfie Bungledorf to second
|
|
Batting: RHB Joseph Disepolo
|
0-0: Ball 1-0: Ball 2-0: Fielders Choice at 2nd, 3-6 (Groundball, 34, EV 87.5 MPH) Alfie Bungledorf to third
|
|
Batting: LHB Randy Rosenberry
|
0-0: Ball 1-0: Foul Ball, location: 2F 1-1: Ball 2-1: Swinging Strike 2-2: Foul Ball, location: 2F 2-2: Ball 3-2: Strikes out looking
|
|
Batting: RHB Dietmar Warmisch
|
0-0: Called Strike 0-1: Called Strike 0-2: Foul Ball, location: 2F 0-2: Foul Ball, location: 2F 0-2: Strikes out swinging
|
| Bottom of the 1st over - 0 runs, 2 hits, 0 errors, 2 left on base; New York 0 - Chicago 0 |
| TOP OF THE 2ND |
|
New York Yankees batting - Pitching for Chicago White Sox : RHP Xenophon Valvis
|
|
Batting: SHB Gus Berry
|
0-0: Called Strike 0-1: Foul Ball, location: 2F 0-2: Ball 1-2: Ball 2-2: Foul Ball, location: 2F 2-2: Strikes out swinging
|
|
Batting: RHB Adriaan Pieters
|
0-0: Ball 1-0: Foul Ball, location: 2F 1-1: Ball 2-1: Swinging Strike 2-2: Ball 3-2: Strikes out swinging
|
|
Batting: SHB Mukhtar Wa'il
|
0-0: Ball 1-0: Foul Ball, location: 2F 1-1: Ball 2-1: Swinging Strike 2-2: Strikes out swinging
|
| Top of the 2nd over - 0 runs, 0 hits, 0 errors, 0 left on base; New York 0 - Chicago 0 |
| BOTTOM OF THE 2ND |
|
Chicago White Sox batting - Pitching for New York Yankees : LHP Zach Purvis
|
|
Batting: RHB Leo Navarro
|
0-0: Ball 1-0: Ball 2-0: Called Strike 2-1: Ground out U3 (Groundball, 3, EV 87.5 MPH)
|
|
Batting: RHB Rich Stinson
|
0-0: Foul Ball, location: 2F 0-1: Ball 1-1: Ball 2-1: Ball 3-1: Ground out 3-1 (Groundball, 34S, EV 83.1 MPH)
|
|
Batting: RHB Jon Solano
|
0-0: Ball 1-0: Foul Ball, location: 2F 1-1: Foul Ball, location: 2F 1-2: SINGLE (Groundball, 56D, EV 101.9 MPH)
|
|
Batting: RHB Brad Boals
|
0-0: Ball 1-0: Ball 2-0: Ball 3-0: Base on Balls Jon Solano to second
|
|
Batting: SHB Alfie Bungledorf
|
0-0: Ball 1-0: Foul Ball, location: 2F 1-1: Called Strike 1-2: Ball 2-2: Strikes out swinging
|
| Bottom of the 2nd over - 0 runs, 1 hit, 0 errors, 2 left on base; New York 0 - Chicago 0 |
| TOP OF THE 3RD |
|
New York Yankees batting - Pitching for Chicago White Sox : RHP Xenophon Valvis
|
|
Batting: RHB Larry Martell
|
0-0: Ball 1-0: Ball 2-0: Called Strike 2-1: Swinging Strike 2-2: Strikes out swinging
|
|
Batting: RHB Ryan Neal
|
0-0: Ball 1-0: Ground out 4-3 (Groundball, 4, EV 76.9 MPH)
|
|
Batting: LHB Dan Morris
|
0-0: Called Strike 0-1: Ball 1-1: Foul Ball, location: 2F 1-2: Ground out U3 (Groundball, 34, EV 98.1 MPH)
|
| Top of the 3rd over - 0 runs, 0 hits, 0 errors, 0 left on base; New York 0 - Chicago 0 |
| BOTTOM OF THE 3RD |
|
Chicago White Sox batting - Pitching for New York Yankees : LHP Zach Purvis
|
|
Batting: RHB Dieter Knoops
|
0-0: Ball 1-0: Swinging Strike 1-1: Foul Ball, location: 2F 1-2: Strikes out swinging
|
|
Batting: RHB Joseph Disepolo
|
0-0: Ball 1-0: Called Strike 1-1: Ball 2-1: Foul Ball, location: 2F 2-2: Foul Ball, location: 2F 2-2: Ball 3-2: Fly out, F7 (Flyball, 7, EV 90.6 MPH)
|
|
Batting: LHB Randy Rosenberry
|
0-0: Ball 1-0: Fly out, F8 (Line Drive, 8LD, EV 89.4 MPH)
|
| Bottom of the 3rd over - 0 runs, 0 hits, 0 errors, 0 left on base; New York 0 - Chicago 0 |
| TOP OF THE 4TH |
|
New York Yankees batting - Pitching for Chicago White Sox : RHP Xenophon Valvis
|
|
Batting: RHB Jeckel Hester
|
0-0: Ball 1-0: Ball 2-0: Called Strike 2-1: Ball 3-1: Foul Ball, location: 2F 3-2: SINGLE (Line Drive, 89S, EV 95.0 MPH)
|
|
Batting: RHB Shiro Suehiro
|
0-0: Called Strike 0-1: Ball 1-1: Ball 2-1: SINGLE (Line Drive, 8LS, EV 100.0 MPH) Jeckel Hester to second Runner from 2nd tries for 3rd, SAFE, throw by CF made to third
|
|
Batting: SHB Bartholomeu Chambino
|
0-0: Ball 1-0: Swinging Strike 1-1: Ball 2-1: Ball 3-1: Base on Balls Shiro Suehiro to second
|
|
Batting: SHB Gus Berry
|
0-0: Ball 1-0: GRAND SLAM HOME RUN (Flyball, 9D, EV 98.1 MPH), Distance : 384 ft
|
|
Batting: RHB Adriaan Pieters
|
0-0: Fly out, F6 (Line Drive, 6, EV 70.0 MPH)
|
|
Batting: SHB Mukhtar Wa'il
|
0-0: Ball 1-0: Foul Ball, location: 2F 1-1: Ground out 4-3 (Groundball, 4, EV 91.2 MPH)
|
|
Batting: RHB Larry Martell
|
0-0: Fly out, F8 (Flyball, 8RS, EV 97.5 MPH)
|
| Top of the 4th over - 4 runs, 3 hits, 0 errors, 0 left on base; New York 4 - Chicago 0 |
| BOTTOM OF THE 4TH |
|
Chicago White Sox batting - Pitching for New York Yankees : LHP Zach Purvis
|
|
Batting: RHB Dietmar Warmisch
|
0-0: Foul Ball, location: 2F 0-1: Ball 1-1: Ball 2-1: Ball 3-1: Foul Ball, location: 2F 3-2: Base on Balls
|
|
Batting: RHB Leo Navarro
|
0-0: Grounds into double play, 5-4-3 (Groundball, 56, EV 107.5 MPH)
|
|
Batting: RHB Rich Stinson
|
0-0: Foul Ball, location: 2F 0-1: Ball 1-1: Foul Ball, location: 2F 1-2: Foul Ball, location: 2F 1-2: Strikes out swinging
|
| Bottom of the 4th over - 0 runs, 0 hits, 0 errors, 0 left on base; New York 4 - Chicago 0 |
| TOP OF THE 5TH |
|
New York Yankees batting - Pitching for Chicago White Sox : RHP Xenophon Valvis
|
|
Batting: RHB Ryan Neal
|
0-0: Ground out 5-3 (Groundball, 56S, EV 83.8 MPH)
|
|
Batting: LHB Dan Morris
|
0-0: Called Strike 0-1: Ball 1-1: Foul Ball, location: 2F 1-2: Ball 2-2: Fly out, F7 (Line Drive, 7, EV 100.6 MPH)
|
|
Batting: RHB Jeckel Hester
|
0-0: Fly out, F3 (Popup, 23F, EV 84.4 MPH)
|
| Top of the 5th over - 0 runs, 0 hits, 0 errors, 0 left on base; New York 4 - Chicago 0 |
| BOTTOM OF THE 5TH |
|
Chicago White Sox batting - Pitching for New York Yankees : LHP Zach Purvis
|
|
Batting: RHB Jon Solano
|
0-0: Ball 1-0: Ball 2-0: Foul Ball, location: 2F 2-1: Fly out, F7 (Flyball, 78M, EV 88.1 MPH)
|
|
Batting: RHB Brad Boals
|
0-0: Called Strike 0-1: Ball 1-1: SINGLE (Flyball, 56D, EV 83.8 MPH)
|
|
Batting: SHB Alfie Bungledorf
|
0-0: Grounds into double play, 6-4-3 (Groundball, 6, EV 81.9 MPH)
|
| Bottom of the 5th over - 0 runs, 1 hit, 0 errors, 0 left on base; New York 4 - Chicago 0 |
| TOP OF THE 6TH |
|
New York Yankees batting - Pitching for Chicago White Sox : RHP Xenophon Valvis
|
|
Batting: RHB Shiro Suehiro
|
0-0: Called Strike 0-1: Fly out, F8 (Flyball, 8LD, EV 90.0 MPH)
|
|
Batting: SHB Bartholomeu Chambino
|
0-0: Foul Ball, location: 2F 0-1: Ball 1-1: Foul Ball, location: 2F 1-2: Ball 2-2: Ball 3-2: TRIPLE (Flyball, 78XD, EV 101.2 MPH)
|
|
Batting: SHB Gus Berry
|
0-0: Ball 1-0: SINGLE (Groundball, 34S, EV 68.1 MPH) (infield hit) Bartholomeu Chambino scores
|
|
Pitching: RHP Allen Speidel
|
|
|
Batting: RHB Adriaan Pieters
|
0-0: Called Strike 0-1: Ball 1-1: Foul Ball, location: 2F 1-2: Ball 2-2: Strikes out swinging
|
|
Batting: SHB Mukhtar Wa'il
|
0-0: Ball 1-0: Called Strike 1-1: Ball Pickoff Throw to First - Out! 1-3
|
| Top of the 6th over - 1 run, 2 hits, 0 errors, 0 left on base; New York 5 - Chicago 0 |
| BOTTOM OF THE 6TH |
|
Chicago White Sox batting - Pitching for New York Yankees : LHP Zach Purvis
|
|
Batting: RHB Dieter Knoops
|
0-0: Foul Ball, location: 2F 0-1: Fly out, F7 (Flyball, 7D, EV 86.2 MPH)
|
|
Batting: RHB Joseph Disepolo
|
0-0: Ball 1-0: Ball 2-0: Ball 3-0: Called Strike 3-1: Base on Balls
|
|
Batting: LHB Randy Rosenberry
|
0-0: Called Strike 0-1: Foul Ball, location: 2F 0-2: SINGLE (Line Drive, 34D, EV 104.4 MPH) Joseph Disepolo to second
|
|
Batting: RHB Dietmar Warmisch
|
0-0: Ball 1-0: Foul Ball, location: 2F 1-1: 3-RUN HOME RUN (Flyball, 7D, EV 95.0 MPH), Distance : 355 ft
|
|
Batting: RHB Leo Navarro
|
0-0: Ball 1-0: Fly out, F7 (Line Drive, 7S, EV 90.0 MPH)
|
|
Batting: RHB Rich Stinson
|
0-0: Ball 1-0: Called Strike 1-1: Swinging Strike 1-2: Strikes out looking
|
| Bottom of the 6th over - 3 runs, 2 hits, 0 errors, 0 left on base; New York 5 - Chicago 3 |
| TOP OF THE 7TH |
|
New York Yankees batting - Pitching for Chicago White Sox : RHP Allen Speidel
|
|
Batting: SHB Mukhtar Wa'il
|
0-0: Ball 1-0: Foul Ball, location: 2F 1-1: Called Strike 1-2: Ball 2-2: Foul Ball, location: 2F 2-2: Strikes out swinging
|
|
Batting: RHB Larry Martell
|
0-0: Ball 1-0: Called Strike 1-1: Ball 2-1: Foul Ball, location: 2F 2-2: Foul Ball, location: 2F 2-2: Ball 3-2: DOUBLE (Groundball, 5L, EV 104.4 MPH)
|
|
Batting: RHB Ryan Neal
|
0-0: SINGLE (Line Drive, 9S, EV 86.2 MPH) Larry Martell to third
|
|
Batting: LHB Dan Morris
|
0-0: Ball 1-0: Ball 2-0: DOUBLE (Line Drive, 7LS, EV 95.6 MPH) Larry Martell scores Ryan Neal to third Runner from 3rd tries for Home, SAFE, throw by LF to home
|
|
Batting: RHB Jeckel Hester
|
0-0: Ground out 4-3 (Groundball, 4, EV 80.6 MPH) Dan Morris to third
|
|
Batting: RHB Shiro Suehiro
|
0-0: Swinging Strike 0-1: Swinging Strike 0-2: Strikes out swinging
|
| Top of the 7th over - 2 runs, 3 hits, 0 errors, 1 left on base; New York 7 - Chicago 3 |
| BOTTOM OF THE 7TH |
|
Chicago White Sox batting - Pitching for New York Yankees : LHP Zach Purvis
|
|
Batting: RHB Jon Solano
|
0-0: Called Strike 0-1: Foul Ball, location: 2F 0-2: Fly out, F8 (Line Drive, 8RD, EV 85.6 MPH)
|
|
Batting: RHB Brad Boals
|
0-0: Called Strike 0-1: Ball 1-1: Foul Ball, location: 2F 1-2: Ground out 5-3 (Groundball, 56, EV 79.4 MPH)
|
|
Batting: SHB Alfie Bungledorf
|
0-0: Ball 1-0: Ball 2-0: Foul Ball, location: 2F 2-1: Ball 3-1: SINGLE (Groundball, 6MD, EV 100.6 MPH)
|
|
Pitching: RHP Isaias Chavez
|
|
|
Batting: RHB Dieter Knoops
|
0-0: Called Strike Alfie Bungledorf steals 2nd base (no throw) 0-1: Foul Ball, location: 2F 0-2: Strikes out looking
|
| Bottom of the 7th over - 0 runs, 1 hit, 0 errors, 1 left on base; New York 7 - Chicago 3 |
| TOP OF THE 8TH |
|
New York Yankees batting - Pitching for Chicago White Sox : RHP Allen Speidel
|
|
Pitching: RHP Mike Willig
|
|
|
Batting: SHB Bartholomeu Chambino
|
0-0: Called Strike 0-1: Fly out, F8 (Flyball, 8RD, EV 88.1 MPH)
|
|
Batting: SHB Gus Berry
|
0-0: Called Strike 0-1: Fly out, F8 (Flyball, 8RM, EV 95.6 MPH)
|
|
Batting: RHB Adriaan Pieters
|
0-0: Ball 1-0: Ball 2-0: Ball 3-0: Foul Ball, location: 2F 3-1: Base on Balls
|
|
Batting: SHB Mukhtar Wa'il
|
0-0: Ball 1-0: Called Strike 1-1: Swinging Strike 1-2: Strikes out swinging
|
| Top of the 8th over - 0 runs, 0 hits, 0 errors, 1 left on base; New York 7 - Chicago 3 |
| BOTTOM OF THE 8TH |
|
Chicago White Sox batting - Pitching for New York Yankees : RHP Isaias Chavez
|
|
Batting: RHB Joseph Disepolo
|
0-0: Called Strike 0-1: Ball 1-1: Called Strike 1-2: Ball 2-2: Ball 3-2: Fly out, F9 (Line Drive, 9, EV 94.4 MPH)
|
|
Batting: LHB Randy Rosenberry
|
0-0: Ball 1-0: DOUBLE (Flyball, 8RXD, EV 110.0 MPH)
|
|
Batting: RHB Dietmar Warmisch
|
0-0: Foul Ball, location: 2F 0-1: Ball 1-1: Fly out, F9 (Flyball, 9LM, EV 95.6 MPH) Runner from 2nd tags up, SAFE at 3rd, no throw by RF
|
|
Batting: RHB Leo Navarro
|
0-0: Ball 1-0: Swinging Strike 1-1: Swinging Strike 1-2: Ball 2-2: Foul Ball, location: 2F 2-2: Ball 3-2: Foul Ball, location: 2F 3-2: Strikes out swinging
|
| Bottom of the 8th over - 0 runs, 1 hit, 0 errors, 1 left on base; New York 7 - Chicago 3 |
| TOP OF THE 9TH |
|
New York Yankees batting - Pitching for Chicago White Sox : RHP Mike Willig
|
|
Pitching: RHP Ryan Columbo
|
|
|
Batting: RHB Larry Martell
|
0-0: Foul Ball, location: 2F 0-1: Ball 1-1: Ball 2-1: Ball 3-1: Foul Ball, location: 2F 3-2: Foul Ball, location: 2F 3-2: Foul Ball, location: 2F 3-2: Base on Balls
|
|
Batting: RHB Ryan Neal
|
0-0: Ball 1-0: Ball 2-0: Ball 3-0: Called Strike 3-1: Bunt missed! 3-2: Grounds into double play, 4-6-3 (Groundball, 4, EV 105.6 MPH)
|
|
Batting: LHB Dan Morris
|
0-0: Ball 1-0: SINGLE (Line Drive, 5L, EV 94.4 MPH)
|
|
Batting: RHB Jeckel Hester
|
0-0: Called Strike 0-1: Swinging Strike 0-2: Ball 1-2: Foul Ball, location: 2F 1-2: Ball 2-2: Strikes out swinging
|
| Top of the 9th over - 0 runs, 1 hit, 0 errors, 1 left on base; New York 7 - Chicago 3 |
| BOTTOM OF THE 9TH |
|
Chicago White Sox batting - Pitching for New York Yankees : RHP Isaias Chavez
|
|
Pitching: LHP Joel Pacheco
|
|
|
Batting: RHB Rich Stinson
|
0-0: Ball 1-0: Foul Ball, location: 2F 1-1: Swinging Strike 1-2: Strikes out swinging
|
|
Batting: RHB Jon Solano
|
0-0: Ball 1-0: Swinging Strike 1-1: Foul Ball, location: 2F 1-2: Ball 2-2: Ball 3-2: Strikes out swinging
|
|
Batting: RHB Brad Boals
|
0-0: Ball 1-0: Called Strike 1-1: Swinging Strike 1-2: Strikes out swinging
|
| Bottom of the 9th over - 0 runs, 0 hits, 0 errors, 0 left on base; New York 7 - Chicago 3 |
|